 Dungeon Sprint DCSS version 0.22.0-76-g6cd1571672 (webtiles) character file.

2747 ICC the Cruncher (level 10, -1/86 HPs)
             Began as a Formicid Fighter on Sept 16, 2018.
             Was an Elder of Okawaru.
             Impaled on a porcupine's spines (12 damage)
             ... in the Dungeon (Sprint IX: "|||||||||||||||||||||||||||||").
             The game lasted 00:04:53 (900 turns).

ICC the Cruncher (Formicid Fighter)                  Turns: 900, Time: 00:04:54

Health: -1/86      AC: 12    Str: 24    XL:     10   Next: 0%
Magic:  7/10       EV: 18    Int: 11    God:    Okawaru [****..]
Gold:   0          SH: 14    Dex: 13    Spells: 9/9 levels left

rFire    . . .     SeeInvis +   k - +4 quarterstaff (speed)
rCold    . . .     Gourm    .   c - +0 shield
rNeg     . . .     Faith    .   j - +1 scale mail
rPois    .         Spirit   .   (helmet unavailable)
rElec    .         Reflect  .   (no cloak)
rCorr    .         Harm     .   (no gloves)
MR       +....                  a - +0 pair of boots
Stlth    +.........             (no amulet)
HPRegen  0.24/turn              b - +3 ring of strength
MPRegen  0.12/turn              o - +3 ring of intelligence

@: heroism
A: permanent stasis, dig shafts and tunnels, four strong arms, antennae 3
a: Dig, Heroism, Renounce Religion


You were in the Dungeon.
You worshipped Okawaru.
Okawaru was greatly pleased with you.
You were not hungry.

You visited 1 branch

Inventory:

Hand Weapons
 k - a +4 quarterstaff of speed (weapon)
Armour
 a - a +0 pair of boots (worn)
 c - a +0 shield (worn)
 j - a +1 scale mail (worn)
Jewellery
 b - a +3 ring of strength (left hand)
 o - a +3 ring of intelligence (right hand)
Wands
 h - a wand of iceblast (10)
Scrolls
 g - 2 scrolls of enchant weapon
 l - a scroll of identify
 m - 4 scrolls of remove curse
 n - 2 scrolls of amnesia
 p - a scroll of fear
Potions
 d - 2 potions of brilliance
 e - 6 potions of curing
 i - 4 potions of magic
Comestibles
 f - a ration


   Skills:
 + Level 10.7(15.7) Fighting
 * Level 12.9(17.9) Staves
 + Level 10.6(15.6) Armour
 + Level 8.6(13.6) Dodging
 - Level 9.4(14.4) Shields


You had 9 spell levels left.
You didn't know any spells.
Your spell library was empty.

Dungeon Overview and Level Annotations

Branches:
Dungeon (1/1)

Altars:
Cheibriados
Dithmenos
Elyvilon
Fedhas
Gozag
Hepliaklqana
Kikubaaqudgha
Makhleb
Nemelex Xobeh
Okawaru
Qazlal
Ru
Sif Muna
Trog
Uskayaw
Vehumet
Wu Jian
Xom
Yredelemnul
Zin
The Shining One
Beogh
Jiyva
Lugonu


Innate Abilities, Weirdness & Mutations

You cannot be hasted, slowed, berserked, paralysed or teleported.
You can dig through walls and to a lower floor.
Your four strong arms can wield two-handed weapons with a shield.
You have a pair of large antennae on your head. (SInv)


Message History

You block the porcupine's attack.
You closely miss the porcupine.
You are struck by the porcupine's spines.
* * * LOW HITPOINT WARNING * * *
You sock the porcupine!
The porcupine is almost dead.
You block the porcupine's attack.
You are struck by the porcupine's spines.
* * * LOW HITPOINT WARNING * * *
You barely miss the porcupine.
The porcupine is almost dead.
You sock the porcupine!
You kill the porcupine!
Okawaru accepts your kill.
You have reached level 10!
You feel better.
The porcupine twitches its whiskers.
You barely miss the porcupine. The porcupine closely misses you.
You are struck by the porcupine's spines.
You die...

▓.▓.▓.▓
▓.▓.▓'▓
▓.▓.▓.▓
▓)▓.▓.▓
▓)▓.▓.▓{
▓.▓.▓.▓{
▓.▓.▓.▓{
▓.▓.▓(▓{
▓.▓.▓@▓
{
▓.▓.▓r▓
{
▓'▓.▓l▓
{
▓_▓.▓r▓
{
▓_▓.▓.▓{
{
▓_▓.▓.▓
{
▓_▓.▓?▓
{
▓_▓.▓'▓
{
▓_▓.▓†▓
{


You could see a basilisk and 2 porcupines.

Vanquished Creatures
  An unseen horror (D)
  An ugly thing (D)
  A spiny frog (D)
  A hippogriff (D)
  A slime creature (D)
  2 yaks (D)
  A porcupine (D)
  A phantom (D)
  An ogre (D)
  2 centaurs (D)
  A crocodile (D)
  3 bullfrogs (D)
  A gnoll sergeant (D)
  An orc priest (D)
  A worker ant (D)
  An orc wizard (D)
  2 orcs (D)
  A ball python (D)
  A giant cockroach (D)
  2 hobgoblins (D)
  A rat (D)
27 creatures vanquished.

Vanquished Creatures (others)
  A troll (D)
1 creature vanquished.

Grand Total: 28 creatures vanquished

Notes
Turn   | Place    | Note
-------+----------+-------------------------------------------
     0 | D        | ICC the Formicid Fighter began the quest for the Orb.
     0 | D        | Reached XP level 1. HP: 18/18 MP: 1/1
    12 | D        | Reached XP level 2. HP: 24/24 MP: 2/2
    19 | D        | Noticed a phantom
    23 | D        | Reached skill level 3 in Staves
    23 | D        | Reached skill level 1 in Dodging
    23 | D        | Reached skill level 5 in Shields
    23 | D        | Reached XP level 3. HP: 30/30 MP: 3/3
    56 | D        | Reached skill level 4 in Staves
    56 | D        | Reached XP level 4. HP: 27/38 MP: 4/4
    61 | D        | Killed a phantom
    61 | D        | Reached skill level 5 in Fighting
    61 | D        | Reached skill level 5 in Staves
    61 | D        | Reached skill level 5 in Armour
    61 | D        | Reached XP level 5. HP: 30/44 MP: 5/5
    73 | D        | Found a roughly hewn altar of Beogh.
    73 | D        | Found a snail-covered altar of Cheibriados.
    73 | D        | Found a shadowy altar of Dithmenos.
    73 | D        | Found a white marble altar of Elyvilon.
    73 | D        | Found a blossoming altar of Fedhas.
    73 | D        | Found an opulent altar of Gozag.
    74 | D        | Found a hazy altar of Hepliaklqana.
    75 | D        | Found a viscous altar of Jiyva.
    76 | D        | Found an ancient bone altar of Kikubaaqudgha.
    77 | D        | Found a corrupted altar of Lugonu.
    78 | D        | Found a burning altar of Makhleb.
    79 | D        | Found a sparkling altar of Nemelex Xobeh.
    80 | D        | Found an iron altar of Okawaru.
    81 | D        | Found a stormy altar of Qazlal.
    90 | D        | Found a sacrificial altar of Ru.
    91 | D        | Found a deep blue altar of Sif Muna.
    92 | D        | Found a bloodstained altar of Trog.
    93 | D        | Found a hide-covered altar of Uskayaw.
    94 | D        | Found a radiant altar of Vehumet.
    95 | D        | Found an ornate altar of the Wu Jian Council.
    96 | D        | Became a worshipper of Warmaster Okawaru
    97 | D        | Found a shimmering altar of Xom.
    98 | D        | Found a basalt altar of Yredelemnul.
    99 | D        | Found a glowing silver altar of Zin.
   100 | D        | Found a glowing golden altar of the Shining One.
   156 | D        | Noticed a troll
   156 | D        | Noticed a centaur
   156 | D        | Noticed an ogre
   156 | D        | Noticed an unseen horror
   156 | D        | Noticed a yak
   167 | D        | Reached skill level 6 in Staves
   167 | D        | Reached XP level 6. HP: 37/52 MP: 6/6
   177 | D        | Killed a troll
   182 | D        | Reached skill level 7 in Staves
   188 | D        | Killed an ogre
   188 | D        | Reached * piety under Okawaru
   188 | D        | Reached skill level 8 in Staves
   188 | D        | Reached skill level 5 in Dodging
   188 | D        | Reached XP level 7. HP: 10/59 MP: 7/7
   196 | D        | Killed an unseen horror
   196 | D        | Reached ** piety under Okawaru
   196 | D        | Reached skill level 10 in Staves
   196 | D        | Reached XP level 8. HP: 13/69 MP: 8/8
   204 | D        | Killed a yak
   495 | D        | Noticed a yak
   495 | D        | Noticed a purple ugly thing
   495 | D        | Noticed a slime creature
   510 | D        | Killed a yak
   510 | D        | Reached skill level 11 in Staves
   522 | D        | Killed a purple ugly thing
   522 | D        | Reached *** piety under Okawaru
   522 | D        | Reached XP level 9. HP: 29/78 MP: 9/9
   530 | D        | Killed a slime creature
   535 | D        | Reached skill level 12 in Staves
   848 | D        | Noticed a spiny frog
   848 | D        | Noticed a hippogriff
   860 | D        | Killed a spiny frog
   860 | D        | Reached skill level 10 in Fighting
   860 | D        | Reached skill level 10 in Armour
   872 | D        | Killed a hippogriff
   872 | D        | Reached **** piety under Okawaru
   896 | D        | HP: 3/79 [porcupine's spines (15)]
   897 | D        | Reached XP level 10. HP: 4/86 MP: 7/10
   900 | D        | Impaled on a porcupine's spines

Skill      XL: |  1  2  3  4  5  6  7  8  9 |
---------------+----------------------------+-----
Shields        | 4 5 6 7 8 9 |  9.4
Fighting       | 4 5 6 8 9 10 | 10.7
Staves         | 3 4 5 6 8 10 11 12 | 12.9
Armour         | 4 5 6 8 9 10 | 10.6
Dodging        | 1 2 3 5 6 7 8 |  8.6

Action                   |  1- 3 |  4- 6 |  7- 9 | 10-12 || total
-------------------------+-------+-------+-------+-------++-------
Melee: Quarterstaff      |    42 |    31 |    91 |     2 ||   166
Invok: Heroism           |       |       |     1 |       ||     1
  Use: Potion            |     2 |     3 |     1 |     1 ||     7
 Stab: Invisible         |       |     4 |     2 |       ||     6
Armor: Scale mail        |    20 |     4 |    11 |       ||    35
Dodge: Dodged            |     9 |    11 |    14 |     1 ||    35
Block: Shield            |    18 |    15 |    26 |       ||    59
